 Dungeon Crawl Stone Soup version 0.29-a0-371-g91724d5b39 (webtiles) character file.

Game seed: 11427244703353341694

28113 spaghetti the Grappler (level 13, -1/104 HPs)
             Began as a Gnoll Berserker on May 3, 2022.
             Was a High Priest of Trog.
             Succumbed to a cane toad's poison
             ... on level 5 of the Lair of Beasts.
             The game lasted 00:25:01 (11735 turns).

spaghetti the Grappler (Gnoll Berserker)           Turns: 11735, Time: 00:25:01

Health: -1/104     AC:  7    Str: 22    XL:     13   Next: 36%
Magic:  25/25      EV: 18    Int:  7    God:    Trog [*****.]
Gold:   979        SH:  0    Dex: 19    Spells: 28/28 levels left

rFire   + . .      SeeInvis +   P - +8 quarterstaff of Koum {spect, Will+ Str-4 SInv, staff}
rCold   . . .      Faith    .   (shield currently unavailable)
rNeg    . . .      Spirit   .   H - +3 leather armour {rF+}
rPois   .          Reflect  .   (no helmet)
rElec   .          Harm     .   (no cloak)
rCorr   .          Rampage  .   (no gloves)
Will    +....                   (no boots)
Stlth   ++++......              h - amulet of regeneration {@e2}
HPRegen 1.07/turn               B - +6 ring of dexterity
MPRegen 0.19/turn               M - +6 ring of strength

@: lethally poisoned (-1 -> -14), on berserk cooldown, slowed, very slow
A: fangs 1, strong nose, distributed training
a: Renounce Religion, Berserk, Trog's Hand, Brothers in Arms


You were on level 5 of the Lair of Beasts.
You worshipped Trog.
Trog was extremely pleased with you.
You visited 2 branches of the dungeon, and saw 13 of its levels.

You collected 979 gold pieces.


Innate Abilities, Weirdness & Mutations

You have very sharp teeth.
Your uncanny sense of smell can sniff out nearby items.
Your experience applies equally to all skills.


   Skills:
 + Level 10.5 Fighting
 + Level 8.2 Short Blades
 + Level 8.2 Long Blades
 + Level 8.2 Axes
 + Level 8.2 Maces & Flails
 + Level 8.2 Polearms
 + Level 8.2 Staves
 + Level 8.2 Slings
 + Level 8.2 Bows
 + Level 8.2 Crossbows
 + Level 8.2 Throwing
 + Level 9.5 Armour
 + Level 9.5 Dodging
 + Level 8.2 Stealth
 + Level 8.2 Shields
 + Level 10.5 Unarmed Combat
 + Level 8.2 Spellcasting
 + Level 6.8 Conjurations
 + Level 6.8 Hexes
 + Level 6.8 Summonings
 + Level 6.8 Necromancy
 + Level 6.8 Translocations
 + Level 6.8 Transmutations
 + Level 6.8 Fire Magic
 + Level 6.8 Ice Magic
 + Level 6.8 Air Magic
 + Level 6.8 Earth Magic
 + Level 6.8 Poison Magic
 + Level 9.0 Invocations
 + Level 8.2 Evocations


You had 28 spell levels left.
You didn't know any spells.
Your spell library contained the following spells:

 Spells                   Type           Power      Damage    Failure   Level
 Magic Dart               Conj           48%        1d5       1%          1
 Call Imp                 Summ           12%        N/A       1%          2
 Scorch                   Fire           24%        2d6       1%          2
 Static Discharge         Conj/Air       12%        N/A       1%          2
 Mephitic Cloud           Conj/Pois/Air  12%        N/A       4%          3
 Dispel Undead            Necr           12%        3d9       13%         4
 Flame Wave               Conj/Fire      12%        2d6       13%         4
 Sticky Flame             Conj/Fire      12%        2d4       13%         4
 Summon Cactus Giant      Summ           6%         N/A       90%         6

Inventory:

Hand Weapons
 P - the +8 quarterstaff of Koum (weapon) {spect, Will+ Str-4 SInv, staff}
   (You found it on level 8 of the Dungeon)

   When its wielder attacks, the weapon's spirit leaps out and strikes again.
   The spirit shares a part of any damage it takes with its wielder.
   Str:       It affects your strength (-4).
   SInv:      It lets you see invisible.
   Will:      It increases your willpower.
Missiles
 c - 2 boomerangs {throwing}
 d - 2 javelins {throwing}
 g - 187 stones (quivered) {throwing}
 s - 11 poisoned darts {throwing}
 t - 7 datura-tipped darts {throwing}
 V - 2 throwing nets {=f!fthrowing}
Armour
 u - a +0 kite shield
   (You found it on level 3 of the Dungeon)
 H - a +3 leather armour of fire resistance (worn)
   (You took it off an orc on level 6 of the Dungeon)
Magical Staves
 x - a staff of conjuration {forbidden!a@e2staff}
   (You found it on level 4 of the Dungeon)
 X - a staff of poison {forbidden!astaff}
   (You found it on level 4 of the Lair of Beasts)
Jewellery
 h - an amulet of regeneration (around neck) {@e2}
   (You found it on level 1 of the Dungeon)
 B - a +6 ring of dexterity (left hand)
   (You found it on level 5 of the Dungeon)
 F - a ring of protection from fire
   (You found it on level 6 of the Dungeon)
 G - a ring of positive energy
   (You found it on level 6 of the Dungeon)
 M - a +6 ring of strength (right hand)
   (You found it on level 2 of the Lair of Beasts)
 R - a ring of ice
   (You found it on level 3 of the Lair of Beasts)
 T - a ring of poison resistance
   (You found it on level 3 of the Lair of Beasts)
 W - a +6 ring of intelligence
   (You found it on level 4 of the Lair of Beasts)
Wands
 a - a wand of mindburst (10)
   (You found it on level 1 of the Lair of Beasts)
 n - a wand of flame (37)
   (You found it on level 2 of the Dungeon)
 E - a wand of charming (8)
   (You found it on level 6 of the Dungeon)
 J - a wand of paralysis (5)
   (You found it on level 6 of the Dungeon)
 K - a wand of acid (13)
   (You found it on level 7 of the Dungeon)
 N - a wand of digging (4)
   (You took it off Maggie on level 7 of the Dungeon)
 Q - a wand of polymorph (8)
   (You found it on level 2 of the Lair of Beasts)
 S - a wand of iceblast (4)
   (You found it on level 3 of the Lair of Beasts)
Scrolls
 b - a scroll of summoning
 j - 2 scrolls of silence {!r}
 l - 3 scrolls of fog
 m - a scroll of noise {!r}
 o - 3 scrolls of fear
 q - 3 scrolls of enchant armour
 r - 3 scrolls of teleportation {@r4}
 y - 2 scrolls of vulnerability {!r!r}
 A - 2 scrolls of immolation {!r!r}
 C - a scroll of magic mapping {!r}
 U - a scroll of blinking {unknown}
Potions
 e - 7 potions of curing {unknown}
 f - 2 potions of flight {unknown}
 i - 2 potions of attraction {unknown}
 k - 2 potions of might {unknown}
 p - a potion of ambrosia {unknown}
 v - 4 potions of lignification {!q}
 w - 4 potions of mutation {unknown}
 z - 2 potions of cancellation {unknown}
 I - 2 potions of resistance
 L - 2 potions of berserk rage {!q}
 O - 15 potions of degeneration {!q@e2}
Miscellaneous
 D - a piece from Xom's chessboard (15/15)
   (You found it on level 5 of the Dungeon)

Dungeon Overview and Level Annotations

Branches:
Dungeon (8/15)             Temple (0/1) D:4            Lair (5/6) D:8
 Shoals (0/4) Lair:3       Spider (0/4) Lair:3
  Slime: Lair:5-6

Altars:
Yredelemnul

Shops:
D:3 *   D:8 !

Annotations:
Lair:5 1 runed translucent door

.......(.. .#
!....((........
....P((....#. #.#..#..P
... ......((# ..#
..P.#.F†###.##
......(.......####
...............#.#.#
....P.(.....†...@...#
........#.....###.#.#
.#.....P......##..##
...........(##....#####
###........(...........#
#............<........#
.#..#................##
.#..#...##.#.#........#
.......########......##


You could see a blink frog.


Message History

You miss the blink frog.
Your +8 quarterstaff of Koum {spect, Will+ Str-4 SInv, staff} hits the blink frog!!
You kill the blink frog!
Trog accepts your kill. The cane toad closely misses you.
You bludgeon the cane toad!!
You bite the cane toad, but do no damage.
Your +8 quarterstaff of Koum {spect, Will+ Str-4 SInv, staff} hits the cane toad!!
The cane toad stings you.
You are poisoned.
The cane toad poisons you!
You hit the cane toad but do no damage.
Your +8 quarterstaff of Koum {spect, Will+ Str-4 SInv, staff} barely misses the cane toad.
You feel very sick.
The cane toad stings your +8 quarterstaff of Koum {spect, Will+ Str-4 SInv, staff}.
Your spectral weapon shares its damage with you!
The cane toad stings you!!
You are more poisoned.
The cane toad poisons you! 😮 HP[-29]
You take 29 damage, and now have 75/104 hp.
MASSIVE DAMAGE!! (PAUSE) Unknown command.
You hit the cane toad.
You bite the cane toad, but do no damage.
Your +8 quarterstaff of Koum {spect, Will+ Str-4 SInv, staff} hits the cane toad!
You kill the cane toad!
Trog accepts your kill.
You feel very sick. The cane toad completely misses you.
The blink frog hits your +8 quarterstaff of Koum {spect, Will+ Str-4 SInv, staff}!
Your spectral weapon shares its damage with you!
The cane toad stings you!
* * * LOW HITPOINT WARNING * * *
😨 HP[-24]
You take 24 damage, and now have 51/104 hp.
MASSIVE DAMAGE!! (PAUSE)
You thump the cane toad!
Your +8 quarterstaff of Koum {spect, Will+ Str-4 SInv, staff} hits the cane toad!
You feel very sick.
The blink frog misses your +8 quarterstaff of Koum {spect, Will+ Str-4 SInv, staff}.
The cane toad stings you!
* * * LOW HITPOINT WARNING * * *
You are more poisoned.
The cane toad poisons you!
The blink frog barely misses your +8 quarterstaff of Koum {spect, Will+ Str-4 SInv, staff}. 😨 HP[-12]
You take 12 damage, and now have 39/104 hp.
Unknown command.
A red film seems to cover your vision as you go berserk!
You feel yourself moving faster!
You feel mighty!
You feel extremely sick. The cane toad stings you!!
* * * LOW HITPOINT WARNING * * *
You are lethally poisoned!
The cane toad poisons you! 😱 HP[-9]
You now have 156 max hp (+52).
You barely miss the cane toad.
Your +8 quarterstaff of Koum {spect, Will+ Str-4 SInv, staff} completely misses the cane toad.
* * * LOW HITPOINT WARNING * * *
You feel extremely sick.
The blink frog blinks!
The cane toad completely misses you. 😱 HP[-6]
You take 6 damage, and now have 24/156 hp.
You bludgeon the cane toad!!
You kill the cane toad!
Trog accepts your kill.
* * * LOW HITPOINT WARNING * * *
You feel very sick. 😱 HP[-6]
You take 6 damage, and now have 18/156 hp.
* * * LOW HITPOINT WARNING * * *
You feel very sick. 😱 HP[-5]
You take 5 damage, and now have 13/156 hp.
You feel a strong urge to attack something.
* * * LOW HITPOINT WARNING * * *
You feel very sick. 😱 HP[-4]
You take 4 damage, and now have 9/156 hp.
Unknown command.
* * * LOW HITPOINT WARNING * * *
You feel very sick. 😱 HP[-4]
You take 4 damage, and now have 5/156 hp.
Unknown command.
Unknown command.
You feel your anger nearly subside.
* * * LOW HITPOINT WARNING * * *
You feel very sick. 😱 HP[-3]
You take 3 damage, and now have 2/156 hp.
Unknown command.
Unknown command.
Unknown command.
You are no longer berserk.
You are exhausted.
You feel yourself slow down.
You die...

Skill      XL: |  1  2  3  4  5  6  7  8  9 10 11 12 13 |
---------------+----------------------------------------+-----
Invocations    | 1 2 3 4 5 6 7 8 9 |  9.0
Short Blades   | 1 2 3 4 5 6 7 8 |  8.2
Long Blades    | 1 2 3 4 5 6 7 8 |  8.2
Axes           | 1 2 3 4 5 6 7 8 |  8.2
Maces & Flails | 1 2 3 4 5 6 7 8 |  8.2
Polearms       | 1 2 3 4 5 6 7 8 |  8.2
Staves         | 1 2 3 4 5 6 7 8 |  8.2
Slings         | 1 2 3 4 5 6 7 8 |  8.2
Bows           | 1 2 3 4 5 6 7 8 |  8.2
Crossbows      | 1 2 3 4 5 6 7 8 |  8.2
Throwing       | 1 2 3 4 5 6 7 8 |  8.2
Stealth        | 1 2 3 4 5 6 7 8 |  8.2
Shields        | 1 2 3 4 5 6 7 8 |  8.2
Spellcasting   | 1 2 3 4 5 6 7 8 |  8.2
Evocations     | 1 2 3 4 5 6 7 8 |  8.2
Conjurations   | 1 2 3 4 5 6 |  6.8
Hexes          | 1 2 3 4 5 6 |  6.8
Summonings     | 1 2 3 4 5 6 |  6.8
Necromancy     | 1 2 3 4 5 6 |  6.8
Translocations | 1 2 3 4 5 6 |  6.8
Transmutations | 1 2 3 4 5 6 |  6.8
Fire Magic     | 1 2 3 4 5 6 |  6.8
Ice Magic      | 1 2 3 4 5 6 |  6.8
Air Magic      | 1 2 3 4 5 6 |  6.8
Earth Magic    | 1 2 3 4 5 6 |  6.8
Poison Magic   | 1 2 3 4 5 6 |  6.8
Armour         | 5 6 7 8 9 |  9.5
Dodging        | 5 6 7 8 9 |  9.5
Fighting       | 7 8 9 10 | 10.5
Unarmed Combat | 7 8 9 10 | 10.5

Action                   |  1- 3 |  4- 6 |  7- 9 | 10-12 | 13-15 || total
-------------------------+-------+-------+-------+-------+-------++-------
Melee: Unarmed           |    70 |   130 |   323 |   144 |       ||   667
       Punch             |     3 |     7 |     1 |       |       ||    11
       Bite              |     2 |     9 |    42 |    52 |     6 ||   111
       Quarterstaff      |       |       |       |   297 |    64 ||   361
Throw: Stone             |    15 |    62 |   169 |   212 |   110 ||   568
Invok: Berserk           |     1 |     2 |    10 |    10 |     1 ||    24
       Trog's Hand       |       |     2 |     6 |     3 |       ||    11
  Use: Potion            |       |     1 |     2 |     1 |       ||     4
       Scroll            |       |       |     1 |     8 |     1 ||    10
 Stab: Sleeping          |     1 |     3 |       |     1 |       ||     5
       Distracted        |       |       |       |     3 |       ||     3
Armor: Animal skin       |     3 |    23 |    31 |       |       ||    57
       Skin              |       |    36 |     1 |       |       ||    37
       Leather armour    |       |       |    28 |    71 |     6 ||   105
Dodge: Dodged            |    29 |    90 |   179 |   322 |    41 ||   661
Block: Kite shield       |       |       |   135 |       |       ||   135
       Buckler           |       |       |     4 |    49 |       ||    53

Levels and vault maps discovered:
D:1:      beargit_arrival_greenhouse, layout_rooms,
          hellmonk_ecumenical_altar_arch_garden
D:2:      minmay_roachtagon, layout_loops_ring, basic_altar,
          wander_ebering_terrifying_dragon_lair
D:3:      layout_rooms, serial_shops, nicolae_diamond_shop
D:4:      layout_rooms, minmay_temple_entry_stoned_glass, uniq_edmund
D:5:      layout_cave_pools, gammafunk_ghost_stat_death, gup_sewer_entry_spiral,
          hellmonk_bongcloud_opening, kennysheep_generic_room_15
D:6:      gammafunk_cloud_chamber, layout_cave_pods, grunt_decor_mini_mirrors,
          corner_web_ring, uniq_menkaure
D:7:      layout_cave_pools, chequers_serial_rivers_large_a, minivault_22,
          minmay_misc_feat_room, uniq_maggie
D:8:      layout_gridville, david_lair_shrubbed, enter_bailey_7, serial_shops,
          nicolae_shop_crystal, kennysheep_small_circle, uniq_joseph
Lair:1:   layout_cellular_growth
Lair:2:   layout_cave_pods
Lair:3:   layout_regular_city, minmay_shoals_entry_hut,
          spider_nest_entry_rubble, grunt_megastairs_5
Lair:4:   layout_regular_city, grunt_forest_large_clearings,
          lemuel_fruit_fields, grunt_megastairs_3, uniq_josephine
Lair:5:   layout_gridlike, ebering_ghost_reflecting_pool, kennysheep_rathole,
          grunt_megastairs_4

Notes
Turn   | Place    | Note
-------+----------+-------------------------------------------
     0 | D:1      | spaghetti the Gnoll Berserker began the quest for the Orb.
     0 | D:1      | Reached XP level 1. HP: 23/23 MP: 1/1
     0 | D:1      | magus.rc [v1.9.6]
   139 | D:1      | Reached XP level 2. HP: 29/29 MP: 2/2
   220 | D:1      | Found a faded altar of an unknown god.
   285 | D:1      | Reached XP level 3. HP: 35/35 MP: 3/3
   716 | D:2      | Reached skill level 1 in Invocations
   744 | D:2      | Reached ** piety under Trog
   794 | D:2      | Reached skill level 1 in Short Blades
   794 | D:2      | Reached skill level 1 in Long Blades
   794 | D:2      | Reached skill level 1 in Axes
   794 | D:2      | Reached skill level 1 in Maces & Flails
   794 | D:2      | Reached skill level 1 in Polearms
   794 | D:2      | Reached skill level 1 in Staves
   794 | D:2      | Reached skill level 1 in Slings
   794 | D:2      | Reached skill level 1 in Bows
   794 | D:2      | Reached skill level 1 in Crossbows
   794 | D:2      | Reached skill level 1 in Throwing
   794 | D:2      | Reached skill level 1 in Stealth
   794 | D:2      | Reached skill level 1 in Shields
   794 | D:2      | Reached skill level 1 in Spellcasting
   794 | D:2      | Reached skill level 1 in Evocations
   794 | D:2      | Reached XP level 4. HP: 37/41 MP: 5/5
  1169 | D:2      | Reached skill level 1 in Conjurations
  1169 | D:2      | Reached skill level 1 in Hexes
  1169 | D:2      | Reached skill level 1 in Summonings
  1169 | D:2      | Reached skill level 1 in Necromancy
  1169 | D:2      | Reached skill level 1 in Translocations
  1169 | D:2      | Reached skill level 1 in Transmutations
  1169 | D:2      | Reached skill level 1 in Fire Magic
  1169 | D:2      | Reached skill level 1 in Ice Magic
  1169 | D:2      | Reached skill level 1 in Air Magic
  1169 | D:2      | Reached skill level 1 in Earth Magic
  1169 | D:2      | Reached skill level 1 in Poison Magic
  1220 | D:2      | Found a basalt altar of Yredelemnul.
  1530 | D:3      | Noticed a phantom
  1539 | D:3      | Killed a phantom
  1540 | D:3      | Reached XP level 5. HP: 47/47 MP: 5/7
  1662 | D:3      | Noticed an ice beast
  1672 | D:3      | Reached XP level 6. HP: 53/53 MP: 8/8
  1676 | D:3      | Reached skill level 2 in Invocations
  1680 | D:3      | Killed an ice beast
  1681 | D:3      | Reached skill level 2 in Short Blades
  1681 | D:3      | Reached skill level 2 in Long Blades
  1681 | D:3      | Reached skill level 2 in Axes
  1681 | D:3      | Reached skill level 2 in Maces & Flails
  1681 | D:3      | Reached skill level 2 in Polearms
  1681 | D:3      | Reached skill level 2 in Staves
  1681 | D:3      | Reached skill level 2 in Slings
  1681 | D:3      | Reached skill level 2 in Bows
  1681 | D:3      | Reached skill level 2 in Crossbows
  1681 | D:3      | Reached skill level 2 in Throwing
  1681 | D:3      | Reached skill level 5 in Armour
  1681 | D:3      | Reached skill level 5 in Dodging
  1681 | D:3      | Reached skill level 2 in Stealth
  1681 | D:3      | Reached skill level 2 in Shields
  1681 | D:3      | Reached skill level 2 in Spellcasting
  1681 | D:3      | Reached skill level 2 in Evocations
  1795 | D:3      | Found Mifyuz's General Store.
  1797 | D:3      | Noticed a black bear
  1816 | D:3      | Killed a black bear
  1817 | D:3      | Reached XP level 7. HP: 38/59 MP: 10/10
  2085 | D:3      | Reached skill level 7 in Fighting
  2085 | D:3      | Reached skill level 7 in Unarmed Combat
  2120 | D:4      | Noticed Edmund
  2129 | D:4      | Killed Edmund
  2130 | D:4      | Reached skill level 2 in Conjurations
  2130 | D:4      | Reached skill level 2 in Hexes
  2130 | D:4      | Reached skill level 2 in Summonings
  2130 | D:4      | Reached skill level 2 in Necromancy
  2130 | D:4      | Reached skill level 2 in Translocations
  2130 | D:4      | Reached skill level 2 in Transmutations
  2130 | D:4      | Reached skill level 2 in Fire Magic
  2130 | D:4      | Reached skill level 2 in Ice Magic
  2130 | D:4      | Reached skill level 2 in Air Magic
  2130 | D:4      | Reached skill level 2 in Earth Magic
  2130 | D:4      | Reached skill level 2 in Poison Magic
  2343 | D:4      | Reached skill level 3 in Invocations
  2446 | D:4      | Reached XP level 8. HP: 65/67 MP: 12/12
  2580 | D:4      | Found a staircase to the Ecumenical Temple.
  2671 | D:4      | Reached skill level 3 in Short Blades
  2671 | D:4      | Reached skill level 3 in Long Blades
  2671 | D:4      | Reached skill level 3 in Axes
  2671 | D:4      | Reached skill level 3 in Maces & Flails
  2671 | D:4      | Reached skill level 3 in Polearms
  2671 | D:4      | Reached skill level 3 in Staves
  2671 | D:4      | Reached skill level 3 in Slings
  2671 | D:4      | Reached skill level 3 in Bows
  2671 | D:4      | Reached skill level 3 in Crossbows
  2671 | D:4      | Reached skill level 3 in Throwing
  2671 | D:4      | Reached skill level 3 in Stealth
  2671 | D:4      | Reached skill level 3 in Shields
  2671 | D:4      | Reached skill level 3 in Spellcasting
  2671 | D:4      | Reached skill level 3 in Evocations
  2752 | D:5      | Entered Level 5 of the Dungeon
  2783 | D:5      | Reached *** piety under Trog
  2828 | D:5      | Found a transporter.
  2836 | D:5      | Noticed Gloober's ghost (amateur DsNe)
  2848 | D:5      | Killed Gloober's ghost
  2852 | D:5      | Found a transporter.
  2912 | D:5      | HP: 16/67 [iguana (10)]
  3006 | D:5      | Reached skill level 4 in Invocations
  3049 | D:5      | You pick up a book of Scorching {forbidden} and begin
                  | reading...
  3049 | D:5      | You add the spells Scorch, Flame Wave and Summon Cactus
                  | Giant to your library.
  3366 | D:5      | You pick up a book of Minor Magic {forbidden} and begin
                  | reading...
  3366 | D:5      | You add the spells Magic Dart, Call Imp and Mephitic Cloud
                  | to your library.
  3451 | D:5      | Reached skill level 3 in Conjurations
  3451 | D:5      | Reached skill level 3 in Hexes
  3451 | D:5      | Reached skill level 3 in Summonings
  3451 | D:5      | Reached skill level 3 in Necromancy
  3451 | D:5      | Reached skill level 3 in Translocations
  3451 | D:5      | Reached skill level 3 in Transmutations
  3451 | D:5      | Reached skill level 3 in Fire Magic
  3451 | D:5      | Reached skill level 3 in Ice Magic
  3451 | D:5      | Reached skill level 3 in Air Magic
  3451 | D:5      | Reached skill level 3 in Earth Magic
  3451 | D:5      | Reached skill level 3 in Poison Magic
  3583 | D:6      | Reached skill level 6 in Armour
  3583 | D:6      | Reached skill level 6 in Dodging
  3758 | D:6      | Reached XP level 9. HP: 73/73 MP: 14/14
  3938 | D:6      | Noticed Menkaure
  3947 | D:6      | Killed Menkaure
  3978 | D:6      | Reached skill level 4 in Short Blades
  3978 | D:6      | Reached skill level 4 in Long Blades
  3978 | D:6      | Reached skill level 4 in Axes
  3978 | D:6      | Reached skill level 4 in Maces & Flails
  3978 | D:6      | Reached skill level 4 in Polearms
  3978 | D:6      | Reached skill level 4 in Staves
  3978 | D:6      | Reached skill level 4 in Slings
  3978 | D:6      | Reached skill level 4 in Bows
  3978 | D:6      | Reached skill level 4 in Crossbows
  3978 | D:6      | Reached skill level 4 in Throwing
  3978 | D:6      | Reached skill level 4 in Stealth
  3978 | D:6      | Reached skill level 4 in Shields
  3978 | D:6      | Reached skill level 4 in Spellcasting
  3978 | D:6      | Reached skill level 4 in Evocations
  4147 | D:6      | Found a transporter.
  4315 | D:6      | Found a transporter.
  4634 | D:7      | Reached skill level 8 in Fighting
  4634 | D:7      | Reached skill level 8 in Unarmed Combat
  4741 | D:7      | Reached skill level 5 in Invocations
  5231 | D:7      | Noticed Maggie
  5260 | D:7      | Killed Maggie
  5398 | D:8      | Reached skill level 4 in Conjurations
  5398 | D:8      | Reached skill level 4 in Hexes
  5398 | D:8      | Reached skill level 4 in Summonings
  5398 | D:8      | Reached skill level 4 in Necromancy
  5398 | D:8      | Reached skill level 4 in Translocations
  5398 | D:8      | Reached skill level 4 in Transmutations
  5398 | D:8      | Reached skill level 4 in Fire Magic
  5398 | D:8      | Reached skill level 4 in Ice Magic
  5398 | D:8      | Reached skill level 4 in Air Magic
  5398 | D:8      | Reached skill level 4 in Earth Magic
  5398 | D:8      | Reached skill level 4 in Poison Magic
  5398 | D:8      | Reached XP level 10. HP: 80/80 MP: 17/17
  5416 | D:8      | Noticed Joseph
  5425 | D:8      | Reached skill level 5 in Short Blades
  5425 | D:8      | Reached skill level 5 in Long Blades
  5425 | D:8      | Reached skill level 5 in Axes
  5425 | D:8      | Reached skill level 5 in Maces & Flails
  5425 | D:8      | Reached skill level 5 in Polearms
  5425 | D:8      | Reached skill level 5 in Staves
  5425 | D:8      | Reached skill level 5 in Slings
  5425 | D:8      | Reached skill level 5 in Bows
  5425 | D:8      | Reached skill level 5 in Crossbows
  5425 | D:8      | Reached skill level 5 in Throwing
  5425 | D:8      | Reached skill level 5 in Stealth
  5425 | D:8      | Reached skill level 5 in Shields
  5425 | D:8      | Reached skill level 5 in Spellcasting
  5425 | D:8      | Reached skill level 5 in Evocations
  5431 | D:8      | HP: 19/81 [orc priest/divine providence (16)]
  5723 | D:8      | Killed Joseph
  5724 | D:8      | Reached skill level 7 in Armour
  5724 | D:8      | Reached skill level 7 in Dodging
  5817 | D:8      | You pick up a book of Touch {forbidden} and begin
                  | reading...
  5817 | D:8      | You add the spells Static Discharge, Sticky Flame and
                  | Dispel Undead to your library.
  5834 | D:8      | Found Laoser's Distillery.
  6247 | D:8      | Found a staircase to the Lair.
  6606 | D:8      | Identified the +8 quarterstaff of Koum {spect, Will+ Str-4
                  | SInv}
  6777 | Lair:1   | Entered Level 1 of the Lair of Beasts
  6797 | Lair:1   | Noticed a four-headed hydra
  6807 | Lair:1   | Killed a four-headed hydra
  6808 | Lair:1   | Reached skill level 6 in Invocations
  7034 | Lair:1   | Reached XP level 11. HP: 86/87 MP: 19/19
  7617 | Lair:1   | Reached skill level 9 in Fighting
  7617 | Lair:1   | Reached skill level 6 in Short Blades
  7617 | Lair:1   | Reached skill level 6 in Long Blades
  7617 | Lair:1   | Reached skill level 6 in Axes
  7617 | Lair:1   | Reached skill level 6 in Maces & Flails
  7617 | Lair:1   | Reached skill level 6 in Polearms
  7617 | Lair:1   | Reached skill level 6 in Staves
  7617 | Lair:1   | Reached skill level 6 in Slings
  7617 | Lair:1   | Reached skill level 6 in Bows
  7617 | Lair:1   | Reached skill level 6 in Crossbows
  7617 | Lair:1   | Reached skill level 6 in Throwing
  7617 | Lair:1   | Reached skill level 6 in Stealth
  7617 | Lair:1   | Reached skill level 6 in Shields
  7617 | Lair:1   | Reached skill level 9 in Unarmed Combat
  7617 | Lair:1   | Reached skill level 6 in Spellcasting
  7617 | Lair:1   | Reached skill level 6 in Evocations
  7622 | Lair:1   | Reached skill level 5 in Conjurations
  7622 | Lair:1   | Reached skill level 5 in Hexes
  7622 | Lair:1   | Reached skill level 5 in Summonings
  7622 | Lair:1   | Reached skill level 5 in Necromancy
  7622 | Lair:1   | Reached skill level 5 in Translocations
  7622 | Lair:1   | Reached skill level 5 in Transmutations
  7622 | Lair:1   | Reached skill level 5 in Fire Magic
  7622 | Lair:1   | Reached skill level 5 in Ice Magic
  7622 | Lair:1   | Reached skill level 5 in Air Magic
  7622 | Lair:1   | Reached skill level 5 in Earth Magic
  7622 | Lair:1   | Reached skill level 5 in Poison Magic
  7923 | Lair:2   | Reached **** piety under Trog
  7924 | Lair:2   | Reached skill level 7 in Invocations
  7956 | Lair:2   | Reached skill level 8 in Armour
  7956 | Lair:2   | Reached skill level 8 in Dodging
  9115 | Lair:3   | Noticed a six-headed hydra
  9125 | Lair:3   | Killed a six-headed hydra
  9126 | Lair:3   | Reached XP level 12. HP: 49/96 MP: 22/22
  9335 | Lair:3   | Reached skill level 7 in Short Blades
  9335 | Lair:3   | Reached skill level 7 in Long Blades
  9335 | Lair:3   | Reached skill level 7 in Axes
  9335 | Lair:3   | Reached skill level 7 in Maces & Flails
  9335 | Lair:3   | Reached skill level 7 in Polearms
  9335 | Lair:3   | Reached skill level 7 in Staves
  9335 | Lair:3   | Reached skill level 7 in Slings
  9335 | Lair:3   | Reached skill level 7 in Bows
  9335 | Lair:3   | Reached skill level 7 in Crossbows
  9335 | Lair:3   | Reached skill level 7 in Throwing
  9335 | Lair:3   | Reached skill level 7 in Stealth
  9335 | Lair:3   | Reached skill level 7 in Shields
  9335 | Lair:3   | Reached skill level 7 in Spellcasting
  9335 | Lair:3   | Reached skill level 7 in Evocations
  9591 | Lair:3   | Found a hole to the Spider Nest.
  9729 | Lair:3   | Found a staircase to the Shoals.
 10094 | Lair:4   | Reached skill level 6 in Conjurations
 10094 | Lair:4   | Reached skill level 6 in Hexes
 10094 | Lair:4   | Reached skill level 6 in Summonings
 10094 | Lair:4   | Reached skill level 6 in Necromancy
 10094 | Lair:4   | Reached skill level 6 in Translocations
 10094 | Lair:4   | Reached skill level 6 in Transmutations
 10094 | Lair:4   | Reached skill level 6 in Fire Magic
 10094 | Lair:4   | Reached skill level 6 in Ice Magic
 10094 | Lair:4   | Reached skill level 6 in Air Magic
 10094 | Lair:4   | Reached skill level 6 in Earth Magic
 10094 | Lair:4   | Reached skill level 6 in Poison Magic
 10095 | Lair:4   | Noticed Josephine
 10152 | Lair:3   | Reached skill level 8 in Invocations
 10159 | Lair:3   | Reached ***** piety under Trog
 10164 | Lair:3   | HP: 21/97 [blink frog (10)]
 10273 | Lair:4   | Killed Josephine
 10274 | Lair:4   | Reached skill level 10 in Fighting
 10274 | Lair:4   | Reached skill level 10 in Unarmed Combat
 10437 | Lair:4   | Reached skill level 9 in Armour
 10437 | Lair:4   | Reached skill level 9 in Dodging
 10632 | Lair:4   | Reached XP level 13. HP: 103/103 MP: 24/24
 10933 | Lair:4   | Reached skill level 8 in Short Blades
 10933 | Lair:4   | Reached skill level 8 in Long Blades
 10933 | Lair:4   | Reached skill level 8 in Axes
 10933 | Lair:4   | Reached skill level 8 in Maces & Flails
 10933 | Lair:4   | Reached skill level 8 in Polearms
 10933 | Lair:4   | Reached skill level 8 in Staves
 10933 | Lair:4   | Reached skill level 8 in Slings
 10933 | Lair:4   | Reached skill level 8 in Bows
 10933 | Lair:4   | Reached skill level 8 in Crossbows
 10933 | Lair:4   | Reached skill level 8 in Throwing
 10933 | Lair:4   | Reached skill level 8 in Stealth
 10933 | Lair:4   | Reached skill level 8 in Shields
 10933 | Lair:4   | Reached skill level 8 in Spellcasting
 10933 | Lair:4   | Reached skill level 8 in Evocations
 11653 | Lair:5   | Found a runed translucent door.
 11721 | Lair:5   | Reached skill level 9 in Invocations
 11728 | Lair:5   | HP: 30/156 [cane toad (21)]
 11731 | Lair:5   | HP: 13/156 [poisoned by a cane toad]
 11733 | Lair:5   | HP: 5/156 [poisoned by a cane toad]
 11734 | Lair:5   | HP: 2/156 [poisoned by a cane toad]
 11735 | Lair:5   | Succumbed to a cane toad's poison

Vanquished Creatures
  Josephine (Lair:4)
  4 hydras
  Joseph (D:8)
  A black mamba (Lair:4)
  6 cane toads
  A torpor snail (Lair:4)
  Maggie (D:7)
  3 rime drakes (Lair:4)
  5 komodo dragons
  A troll (D:7)
  3 polar bears
  22 blink frogs
  A snapping turtle (Lair:3)
  A jumping spider (Lair:3)
  5 wraiths
  5 wyverns
  32 yaks
  2 basilisks
  A fire bat (D:6)
  3 steam dragons
  The ghost of Gloober the Grave Robber, an amateur DsNe of Xom (D:5)
  Edmund (D:4)
  Menkaure (D:6)
  12 water moccasins
  An ice beast (D:3)
  4 black bears
  2 orc warriors
  2 sky beasts
  28 wolves
  2 ogres
  2 phantoms
  17 bullfrogs
  A necrophage (D:6)
  4 scorpions
  5 wights (D:8)
  An electric eel (Lair:3)
  3 howler monkeys
  2 quasits (D:5)
  5 jellies
  7 orc priests
  A gnoll shaman (D:8)
  5 iguanas
  12 orc wizards
  5 adders
  9 gnolls
  A river rat (D:5)
  A shadow imp (D:8)
  2 white imps (D:7)
  2 ufetubi
  4 worms
  2 dart slugs
  22 orcs
  7 ball pythons
  3 bats
  6 endoplasms
  18 giant cockroaches
  7 goblins
  8 hobgoblins
  4 jackals (D:2)
  5 kobolds
  6 quokkas
  6 frilled lizards
  3 rats
339 creatures vanquished.

Vanquished Creatures (others)
  An orc priest (D:7)
  An orc (D:7)
  15 fungi
  34 plants
51 creatures vanquished.

Grand Total: 390 creatures vanquished

Table legend:
 A = Non-vault XP
 B = Vault XP
 C = Vault XP percentage of total XP
 D = Non-vault monster count
 E = Vault monster count
 F = Vault count percentage of total count
                 A         B        C        D         E       F
            +---------+---------+-------+---------+---------+-------
      Total |   30771 |    9391 |  23.4 |     264 |      75 |  22.1
            +---------+---------+-------+---------+---------+-------
        D:1 |      53 |       0 |   0.0 |      21 |       0 |   0.0
        D:2 |      83 |      23 |  21.7 |      22 |      12 |  35.3
        D:3 |     538 |       0 |   0.0 |      29 |       0 |   0.0
        D:4 |     477 |     166 |  25.8 |      16 |       1 |   5.9
        D:5 |     505 |     314 |  38.3 |      13 |       9 |  40.9
        D:6 |     751 |     347 |  31.6 |      18 |       2 |  10.0
        D:7 |    1342 |     398 |  22.9 |      22 |       1 |   4.3
        D:8 |    1347 |     961 |  41.6 |      19 |       9 |  32.1
     Lair:1 |    4154 |       0 |   0.0 |      16 |       0 |   0.0
     Lair:2 |    4552 |       0 |   0.0 |      22 |       0 |   0.0
     Lair:3 |    6483 |    2342 |  26.5 |      29 |      13 |  31.0
     Lair:4 |    8537 |    4840 |  36.2 |      30 |      28 |  48.3
     Lair:5 |    1949 |       0 |   0.0 |       7 |       0 |   0.0
            +---------+---------+-------+---------+---------+-------

Illustrated notes

Table legend:
 A = Kills in this place as a percentage of kills in entire the game.
 B = Kills by you in this place as a percentage of kills by you in the entire game.
 C = Kills by friends in this place as a percentage of kills by friends in the entire game.
 D = Other kills in this place as a percentage of other kills in the entire game.
 E = Experience gained in this place as a percentage of experience gained in the entire game.
 F = Experience gained in this place divided by the number of levels of this place that you have seen.
                   A       B       C       D       E      F
               +-------+-------+-------+-------+-------+----------------------
         Total | 100.0 | 100.0 |   N/A |   N/A | 100.0 | 3089.4
       Dungeon |  57.2 |  57.2 |   N/A |   N/A |  18.2 | 913.1
          Lair |  42.8 |  42.8 |   N/A |   N/A |  81.8 | 6571.4
               +-------+-------+-------+-------+-------+----------------------

Table legend: (Time is in decaauts)
 A = Elapsed time spent in this place.
 B = Non-inter-level travel time spent in this place.
 C = Inter-level travel time spent in this place.
 D = Time resting spent in this place.
 E = Time spent auto-exploring this place.
 F = Levels seen in this place.
 G = Mean time per level.
                   A        B        C        D        E       F      G
               +--------+--------+--------+--------+--------+-----+--------+
         Total |  11897 |  11398 |    499 |   1266 |   7773 |  13 |  915.2 |
       Dungeon |   6955 |   6594 |    361 |    605 |   4449 |   8 |  869.4 |
          Lair |   4941 |   4804 |    137 |    661 |   3324 |   5 |  988.2 |
               +--------+--------+--------+--------+--------+-----+--------+

Top non-repeatable levels by time:
  Lair:3: 1385 daAuts
  Lair:4: 1322 daAuts
     D:7: 1121 daAuts
     D:8: 1115 daAuts
     D:6: 1096 daAuts
  Lair:1: 1088 daAuts
  Lair:2: 1020 daAuts
     D:2: 900 daAuts
     D:5: 824 daAuts
     D:4: 669 daAuts
     D:1: 636 daAuts
     D:3: 591 daAuts
  Lair:5: 125 daAuts
